 Dungeon Crawl Stone Soup version 0.29.1-14-g9c671dbff4 (webtiles) character file.

Game seed: 6773856542627495576

9 protoss039 the Digger (level 2, 20/20 HPs)
             Began as a Demonspawn Earth Elementalist on Feb 17, 2023.
             Got out of the dungeon alive.
             The game lasted 00:00:26 (230 turns).

protoss039 the Digger (DsEE)                         Turns: 230, Time: 00:00:27

Health: 20/20      AC:  2    Str:  8    XL:     2   Next: 6%
Magic:  5/5        EV: 12    Int: 16    God:
Gold:   2          SH:  0    Dex: 13    Spells: 4/5 levels left

rFire   . . .      SeeInvis .   f - +3 dagger
rCold   . . .      Faith    .   (no shield)
rNeg    + . .      Spirit   .   a - +0 robe
rPois   .          Reflect  .   (helmet restricted)
rElec   .          Harm     .   (no cloak)
rCorr   .          Rampage  .   (no gloves)
Will    .....                   (no boots)
Stlth   ++........              (no amulet)
HPRegen 0.06/turn               e - ring of positive energy
MPRegen 0.09/turn               (no ring)

@: no status effects
A: antennae 1
a: no special abilities


You escaped.
You visited 1 branch of the dungeon, and saw 1 of its levels.

You collected 2 gold pieces.

Inventory:

Hand Weapons
 f - a +3 dagger (weapon)
Armour
 a - a +0 robe (worn)
Jewellery
 e - a ring of positive energy (left hand)
Scrolls
 d - 2 scrolls of identify {unknown}
Potions
 b - a potion of magic


   Skills:
 + Level 0.8 Fighting
 - Level 1.7 Dodging
 - Level 1.7 Stealth
 + Level 2.2 Spellcasting
 - Level 0.8 Transmutations
 + Level 2.9 Earth Magic


You had 4 spell levels left.
You knew the following spells:

 Your Spells              Type           Power      Damage    Failure   Level
a - Sandblast             Erth           22%        2d7       6%          1

Your spell library contained the following spells:

 Spells                   Type           Power      Damage    Failure   Level
 Passwall                 Tmut/Erth      5%         N/A       14%         2
 Stone Arrow              Conj/Erth      12%        3d7       32%         3
 Petrify                  Tmut/Erth      7%         N/A       67%         4


Dungeon Overview and Level Annotations

Branches:
Dungeon (1/15) Zot: 5770

Altars:


Innate Abilities, Weirdness & Mutations

You have a pair of small antennae on your head.


Message History

No target in view!
Unknown command.
No target in view!
A frilled lizard comes into view.
A quokka comes into view.
There are monsters nearby!
There are monsters nearby!
There are monsters nearby!
The helpless frilled lizard fails to defend itself.
You hit the frilled lizard.
You kill the frilled lizard!
The quokka barely misses you. x2
You hit the quokka.
The quokka is lightly wounded.
The quokka closely misses you.
You closely miss the quokka.
The quokka is lightly wounded.
The quokka misses you.
Unknown command.
You hit the quokka.
You kill the quokka!
You have reached level 2!
Your demonic ancestry asserts itself...
A pair of antennae grows on your head!
No target in view!
Unknown command.
No target in view!
Unknown command.
A giant cockroach comes into view.
Found a spear.
The helpless giant cockroach fails to defend itself.
You puncture the giant cockroach!
You kill the giant cockroach!
No target in view!
No target in view!
No target in view!
There is a stone staircase leading down here.
There is a staircase leading out of the dungeon here.
Are you sure you want to leave the Dungeon?
This will make you lose the game!
You have escaped!

##### ##...#
#..#.# ####
#.##.## ####..##
#.#...###......###
..#.#.##...###...#
.##...#...## ###.#
..##.....## ##@#
######...# #..#
#####...## ##.##
#.##...(## ##..#
.....#...####..##
..##.....†#...##
...##.)...†.###
..########### ..#


There were no monsters in sight!

Vanquished Creatures
  An endoplasm (D:1)
  A giant cockroach (D:1)
  A goblin (D:1)
  A quokka (D:1)
  A bat (D:1)
  2 frilled lizards (D:1)
  A kobold (D:1)
  2 rats (D:1)
10 creatures vanquished.

Notes
Turn   | Place    | Note
-------+----------+-------------------------------------------
     0 | D:1      | protoss039 the Demonspawn Earth Elementalist began the
                  | quest for the Orb.
     0 | D:1      | Reached XP level 1. HP: 13/13 MP: 3/3
   187 | D:1      | Gained mutation: You have a pair of small antennae on your
                  | head. [demonic ancestry]
   187 | D:1      | Reached XP level 2. HP: 20/20 MP: 5/5
   230 | D:$      | Got out of the dungeon alive.

Illustrated notes

Levels and vault maps discovered:
D:1:      dpeg_arrival_round_b, layout_rooms, serial_shops, shop_fountains

Action                   || total
-------------------------++-------
Melee: Dagger            ||    18
 Cast: Sandblast         ||     2
 Stab: Sleeping          ||     2
Armor: Robe              ||     5
Dodge: Dodged            ||    13
